 Dungeon Crawl Stone Soup version 0.28.0 (webtiles) character file.

Game seed: 13844622749299637462

47 croobank the Sneak (level 3, -1/17 HPs)
             Began as a Felid Delver on Feb 16, 2022.
             Slain by a worm (8 damage)
             ... on level 2 of the Dungeon.
             The game lasted 00:06:03 (2016 turns).

croobank the Sneak (Felid Delver)                   Turns: 2016, Time: 00:06:04

Health: -1/17      AC:  1    Str:  7 (8)  XL:     3   Next: 48%
Magic:  4/4        EV: 17    Int: 10 (13) God:
Gold:   67         SH:  0    Dex: 14 (17) Spells: 1/2 levels left
                                        Lives:  0   Deaths: 0

rFire   . . .      SeeInvis +     - Unarmed
rCold   . . .      Faith    .   (shield unavailable)
rNeg    . . .      Spirit   .   (armour unavailable)
rPois   .          Reflect  .   (helmet unavailable)
rElec   .          Harm     .   (cloak unavailable)
rCorr   .          Rampage  .   (gloves unavailable)
Will    .....                   (boots unavailable)
Stlth   +++.......              (no amulet)
HPRegen 0.05/turn               (no ring)
MPRegen 0.09/turn               (no ring)

@: quick
A: very small, claws 1, fangs 3, see invisible, speed 1, shaggy fur 1, stealthy
paws, no weapons or thrown items, no armour, multi-lived
a: no special abilities


You were on level 2 of the Dungeon.
You visited 1 branch of the dungeon, and saw 5 of its levels.

You collected 67 gold pieces.

Inventory:

Missiles
 b - 17 stones
 f - 17 sling bullets
Wands
 e - a wand of digging (3)
Scrolls
 a - a scroll of fog
 c - a scroll of amnesia
 d - 4 scrolls of noise {unknown}
 i - a scroll of identify {unknown}


   Skills:
 + Level 3.4 Fighting
 + Level 3.4 Dodging
 + Level 7.1 Stealth
 + Level 2.5 Unarmed Combat


You had one spell level left.
You knew the following spells:

 Your Spells              Type           Power      Damage    Failure   Level
a - Magic Dart            Conj           0%         1d3       36%         1

Your spell library contained the following spells:

 Spells                   Type           Power      Damage    Failure   Level
 Call Imp                 Summ           0%         N/A       50%         2
 Gell's Gravitas          Tloc           0%         N/A       75%         3
 Mephitic Cloud           Conj/Pois/Air  0%         N/A       75%         3
 Teleport Other           Tloc           0%         N/A       75%         3
 Dispersal                Tloc           0%         N/A       100%        6


Dungeon Overview and Level Annotations

Branches:
Dungeon (5/15)
 Temple: D:4-7

Altars:
Nemelex Xobeh

Shops:
D:1 *   D:2 *


Innate Abilities, Weirdness & Mutations

You have sharp claws.
You have razor-sharp teeth.
You have supernaturally acute eyesight. (SInv)
You cover ground quickly. (Speed+)
You are covered in fur. (AC +1)
Your paws help you pounce on unaware monsters.
You are incapable of wielding weapons or throwing items.
You cannot wear armour.
You gain extra lives every three experience levels.


Message History

The gnoll is lightly wounded.
The gnoll hits you with a +0 flail!
Ouch! That really hurt!
You barely miss the gnoll.
The gnoll is lightly wounded.
The gnoll closely misses you.
You scratch the gnoll. Your bite misses the gnoll.
The gnoll is heavily wounded.
The gnoll completely misses you.
The gnoll hits you from afar with a +0 spear.
* * * LOW HITPOINT WARNING * * *
The gnoll enters a dispersal trap!
The gnoll blinks!
The worm blinks!
You blink.
The gnoll blinks!
Okay, then.
As you read the scroll labelled UPPIUR KAROW, it crumbles to dust.
It is a scroll of amnesia.
Really abort (and waste the scroll)? [Y]es or [N]o only, please.
Really abort (and waste the scroll)?
Okay, then.
It was a potion of degeneration.
There was something very wrong with that liquid.
You feel weakened.
You feel dopey.
You feel clumsy. The gnoll hits you but does no damage.
It was a potion of curing.
You feel better. The gnoll misses you. The gnoll closely misses you.
The worm closely misses you. The gnoll barely misses you.
The gnoll enters a dispersal trap!
The worm blinks!
The gnoll blinks!
The worm blinks! x3; The gnoll blinks!
You blink.
The gnoll blinks!
The gnoll hits you with a +0 spear!
You scratch the gnoll but do no damage. You bite the gnoll.
The gnoll is moderately wounded.
You scratch the gnoll. You bite the gnoll.
The gnoll is severely wounded.
The gnoll barely misses you.
You barely miss the gnoll.
The gnoll is severely wounded.
The gnoll misses you. The worm bites you!
You die...

#......#.#.# ##.....#.#.#
#.......#.# #.#.#.#.#.# #.#
.# #..#.#..#.# ###.####.#
#.#[.)#.#.##########...≈≈≈#.#
#..#.#....§.......##.#≈≈≈≈≈.#
#.#.#.#..#........##....∩≈≈.#
#........#..@.§.g.##..≈≈≈≈≈#.
##.......#..wg^...##..#≈≈≈##.
#.......#........'......†...
#....[..#........#######.†..
#.......#.................<.
#....##########'#########..#
#....# #.# .... #....# ###
###.# #...<# .#


You could see a worm and 2 gnolls.

Vanquished Creatures
  An adder (D:3)
  5 ball pythons
  3 endoplasms (D:2)
  4 giant cockroaches
  2 goblins
  A hobgoblin (D:1)
  3 jackals (D:1)
  A quokka (D:1)
  2 bats
  2 frilled lizards (D:1)
  6 kobolds (D:1)
  5 rats
35 creatures vanquished.

Notes
Turn   | Place    | Note
-------+----------+-------------------------------------------
     0 | D:5      | croobank the Felid Delver began the quest for the Orb.
     0 | D:5      | Reached XP level 1. HP: 10/10 MP: 2/2
    42 | D:4      | Found a sparkling altar of Nemelex Xobeh.
    63 | D:4      | Noticed a scorpion
    73 | D:3      | Noticed a centaur
   376 | D:3      | Reached XP level 2. HP: 9/14 MP: 3/3
  1017 | D:1      | Found Ceitzesa's General Store.
  1024 | D:1      | Found a faded altar of an unknown god.
  1104 | D:1      | Learned a level 1 spell: Magic Dart
  1132 | D:1      | Reached XP level 3. HP: 11/17 MP: 2/4
  1508 | D:1      | Reached skill level 7 in Stealth
  1972 | D:2      | Found Exkoshei's General Store.
  2016 | D:2      | Slain by a worm

Illustrated notes

Levels and vault maps discovered:
D:1:      dpeg_arrival_round_c, layout_basic, serial_shops,
          nicolae_shop_crystal, basic_ecumenical_altar, minmay_tetromino_t4
D:2:      layout_basic, serial_shops, nicolae_shop_waterfront,
          minmay_tiny_reverse_x, uniq_crazy_yiuf_cottage
D:3:      layout_basic, uniq_jessica, uniq_robin, uniq_sigmund
D:4:      minmay_razor_zed, layout_basic, mainiacjoe_overflow_large_starburst,
          serial_shops, nicolae_diamond_shop, grunt_ministairs_2,
          kennysheep_generic_room_12
D:5:      layout_gridville, kennysheep_mini, minmay_misc_feat_hallway,
          minmay_hollow_rounded_squares

Skill      XL: |  1  2  3 |
---------------+----------+-----
Dodging        | 3 |  3.4
Stealth        | 7 |  7.1
Fighting       | |  3.4
Unarmed Combat | |  2.5

Action                   || total
-------------------------++-------
Melee: Unarmed           ||   106
       Bite              ||    11
 Cast: Magic Dart        ||     5
  Use: Scroll            ||     3
       Potion            ||     3
 Stab: Sleeping          ||    10
Armor: Skin              ||     6
Dodge: Dodged            ||    88
